 Dungeon Crawl Stone Soup version 0.29.0-15-g675c0067aa (webtiles) character file.

Game seed: 16239952667757767236

82 MisterFreud the Covert (level 4, 0/41 HPs)
             Began as a Gnoll Delver on Sept 11, 2022.
             Was an Initiate of Hepliaklqana.
             Slain by a phantom (1 damage)
             ... on level 4 of the Dungeon.
             The game lasted 00:01:53 (441 turns).

MisterFreud the Covert (Gnoll Delver)                Turns: 441, Time: 00:01:53

Health: 0/41       AC:  3    Str: 12    XL:     4   Next: 43%
Magic:  5/5        EV: 13    Int: 11    God:    Hepliaklqana [......]
Gold:   13         SH:  0    Dex: 13    Spells: 5/5 levels left

rFire   . . .      SeeInvis .   a - +0 short sword
rCold   . . .      Faith    .   (no shield)
rNeg    . . .      Spirit   .   b - +0 leather armour
rPois   .          Reflect  .   (no helmet)
rElec   .          Harm     .   (no cloak)
rCorr   .          Rampage  .   (no gloves)
Will    .....                   (no boots)
Stlth   ++++......              (no amulet)
HPRegen 0.13/turn               (no ring)
MPRegen 0.09/turn               (no ring)

@: no status effects
A: fangs 1, strong nose, distributed training
a: Renounce Religion


You were on level 4 of the Dungeon.
You worshipped Hepliaklqana.
Hepliaklqana was noncommittal.
You visited 2 branches of the dungeon, and saw 4 of its levels.

You collected 13 gold pieces.

Inventory:

Hand Weapons
 a - a +0 short sword (weapon)
Armour
 b - a +0 leather armour (worn)
Wands
 g - a wand of digging (3)
Scrolls
 c - a scroll of fog
 d - a scroll of magic mapping
 e - a scroll of fear


   Skills:
 + Level 6.6 Fighting
 + Level 4.6 Short Blades
 + Level 1.2 Long Blades
 + Level 1.2 Axes
 + Level 1.2 Maces & Flails
 + Level 1.2 Polearms
 + Level 1.2 Staves
 + Level 1.2 Ranged Weapons
 + Level 1.2 Throwing
 + Level 1.2 Armour
 + Level 4.6 Dodging
 + Level 9.6 Stealth
 + Level 1.2 Shields
 + Level 1.2 Unarmed Combat
 + Level 1.2 Spellcasting
 + Level 1.0 Conjurations
 + Level 1.0 Hexes
 + Level 1.0 Summonings
 + Level 1.0 Necromancy
 + Level 1.0 Translocations
 + Level 1.0 Transmutations
 + Level 1.0 Fire Magic
 + Level 1.0 Ice Magic
 + Level 1.0 Air Magic
 + Level 1.0 Earth Magic
 + Level 1.0 Poison Magic
 + Level 1.3 Invocations
 + Level 1.2 Evocations


You had 5 spell levels left.
You didn't know any spells.
Your spell library contained the following spells:

 Spells                   Type           Power      Damage    Failure   Level
 Summon Ice Beast         Ice/Summ       2%         N/A       95%         4
 Summon Mana Viper        Hex/Summ       2%         N/A       100%        5
 Monstrous Menagerie      Summ           1%         N/A       100%        7


Dungeon Overview and Level Annotations

Branches:
Dungeon (6/15)             Temple (1/1) D:5

Altars:
Cheibriados
Elyvilon
Gozag
Hepliaklqana
Uskayaw
Wu Jian

Annotations:
D:4 Grinder


Innate Abilities, Weirdness & Mutations

You have very sharp teeth.
Your uncanny sense of smell can sniff out nearby items.
Your experience applies equally to all skills.


Message History

Found a stone staircase leading up.
There is a stone staircase leading up here.
The phantom barely misses you.
You climb upwards.
Found 11 gold pieces.
There is a stone staircase leading down here.
The phantom attacks as you move away! The phantom closely misses you.
The phantom attacks as you move away! The phantom misses you.
The phantom attacks as you move away! The phantom misses you.
Grinder comes into view.
The phantom attacks as you move away! The phantom hits you.
Found a coral ring.
Grinder says, "Tell me all your secrets, or I'll kill you."
Grinder gestures at you.
You barely resist.
Grinder blinks!
The phantom misses you.
Grinder says, "My boss said I was rubbish.
His entrails said otherwise."
Grinder gestures at you.
You suddenly lose the ability to move!
The phantom hits you. Grinder gestures at you.
You shrug off the repeated paralysis!
The phantom hits you.
Grinder grins, showing sharp teeth.
The phantom hits you.
* * * LOW HITPOINT WARNING * * *
The phantom blinks!
You blink.
You can move again.
Unknown command.
The phantom closely misses you.
Found a stone staircase leading down.
The phantom attacks as you move away! The phantom hits you.
* * * LOW HITPOINT WARNING * * *
The phantom attacks as you move away! The phantom hits you.
* * * LOW HITPOINT WARNING * * *
You can't see any enemies this would affect, really read the scroll of fear?
Okay, then.
Unknown command.
You aren't carrying any potions.
The phantom attacks as you move away! The phantom hits you.
You die...

#.#.# ### #.#.# ..#
#.#.# ## #.# #...###
.. #.####.....
#.###.##$.5..#######
#>.@W.#.............
###.#.#..#§# #>#####
#.#.#...## ##.....
#.#.....# #.##.#
..###...## ##.# ###
#..#.###.###.#
.=...##......... ∆
.......#########..
.#######


You could see a phantom.

Vanquished Creatures
  A hound (D:5)
  An iguana (D:6)
  2 adders (D:5)
  An ufetubus (D:5)
  A dart slug (D:5)
6 creatures vanquished.

Notes
Turn   | Place    | Note
-------+----------+-------------------------------------------
     0 | D:5      | Reached skill level 9 in Stealth
     0 | D:5      | MisterFreud the Gnoll Delver began the quest for the Orb.
     0 | D:5      | Reached XP level 1. HP: 23/23 MP: 1/1
     1 | D:6      | Noticed an iguana
     8 | D:6      | Killed an iguana
     9 | D:6      | Reached XP level 2. HP: 29/29 MP: 2/2
     9 | D:6      | Reached XP level 3. HP: 35/35 MP: 3/3
    32 | D:5      | Reached skill level 1 in Invocations
    54 | D:5      | Found a staircase to the Ecumenical Temple.
    75 | D:5      | Reached skill level 1 in Long Blades
    75 | D:5      | Reached skill level 1 in Axes
    75 | D:5      | Reached skill level 1 in Maces & Flails
    75 | D:5      | Reached skill level 1 in Polearms
    75 | D:5      | Reached skill level 1 in Staves
    75 | D:5      | Reached skill level 1 in Ranged Weapons
    75 | D:5      | Reached skill level 1 in Throwing
    75 | D:5      | Reached skill level 1 in Armour
    75 | D:5      | Reached skill level 1 in Shields
    75 | D:5      | Reached skill level 1 in Unarmed Combat
    75 | D:5      | Reached skill level 1 in Spellcasting
    75 | D:5      | Reached skill level 1 in Evocations
   104 | Temple   | Entered the Ecumenical Temple
   279 | Temple   | Became a worshipper of Hepliaklqana the Forgotten
   303 | D:5      | Noticed a phantom
   393 | D:5      | Reached skill level 1 in Conjurations
   393 | D:5      | Reached skill level 1 in Hexes
   393 | D:5      | Reached skill level 1 in Summonings
   393 | D:5      | Reached skill level 1 in Necromancy
   393 | D:5      | Reached skill level 1 in Translocations
   393 | D:5      | Reached skill level 1 in Transmutations
   393 | D:5      | Reached skill level 1 in Fire Magic
   393 | D:5      | Reached skill level 1 in Ice Magic
   393 | D:5      | Reached skill level 1 in Air Magic
   393 | D:5      | Reached skill level 1 in Earth Magic
   393 | D:5      | Reached skill level 1 in Poison Magic
   393 | D:5      | Reached XP level 4. HP: 18/41 MP: 5/5
   426 | D:4      | Noticed Grinder
   432 | D:4      | Paralysed by Grinder for 4 turns
   440 | D:4      | HP: 1/41 [phantom (5)]
   441 | D:4      | Slain by a phantom

Illustrated notes

Levels and vault maps discovered:
D:4:      layout_loops_ring, nemelex_dance_club_becter,
          nicolae_ashenzari_skybound, gammafunk_temple_overflow_pools,
          serial_shops, shop, shop, nicolae_shop_waterfront, uniq_grinder,
          uniq_eustachio
D:5:      layout_basic, lemuel_crystal_altar, general_overflow_altar,
          minmay_temple_entry_enclosed_plants, kennysheep_generic_room_13
D:6:      layout_cave_pools, roderic_batcave
Temple:   nicolae_temple_bog_church

Skill      XL: |  1  2  3 |
---------------+----------+-----
Stealth        | |  9.6
Invocations    | 1 |  1.3
Long Blades    | 1 |  1.2
Axes           | 1 |  1.2
Maces & Flails | 1 |  1.2
Polearms       | 1 |  1.2
Staves         | 1 |  1.2
Ranged Weapons | 1 |  1.2
Throwing       | 1 |  1.2
Armour         | 1 |  1.2
Shields        | 1 |  1.2
Unarmed Combat | 1 |  1.2
Spellcasting   | 1 |  1.2
Evocations     | 1 |  1.2
Conjurations   | 1 |  1.0
Hexes          | 1 |  1.0
Summonings     | 1 |  1.0
Necromancy     | 1 |  1.0
Translocations | 1 |  1.0
Transmutations | 1 |  1.0
Fire Magic     | 1 |  1.0
Ice Magic      | 1 |  1.0
Air Magic      | 1 |  1.0
Earth Magic    | 1 |  1.0
Poison Magic   | 1 |  1.0
Fighting       | |  6.6
Short Blades   | |  4.6
Dodging        | |  4.6

Action                   |  1- 3 |  4- 6 || total
-------------------------+-------+-------++-------
Melee: Short sword       |    42 |       ||    42
       Bite              |     4 |       ||     4
       Punch             |     1 |       ||     1
  Use: Potion            |     3 |       ||     3
 Stab: Sleeping          |     4 |       ||     4
Armor: Leather armour    |     7 |     1 ||     8
Dodge: Dodged            |    34 |     8 ||    42
